 Dungeon Crawl Stone Soup version 0.22-a0-374-g5dfd9e3 (webtiles) character file.

184586 puppykicker the Peltast (level 17, -4/130 HPs)
             Began as a Minotaur Earth Elementalist on Apr 26, 2018.
             Was the Champion of Kikubaaqudgha.
             Slain by a spectral 25-headed Lernaean hydra (10 damage)
             ... animated by the player character
             ... on level 4 of the Swamp.
             The game lasted 03:28:33 (44069 turns).

puppykicker the Peltast (MiEE)                     Turns: 44069, Time: 03:28:33

Health: -4/130     AC: 22    Str: 18    XL:     17   Next: 78%
Magic:  5/31       EV: 14    Int: 15    God:    Kikubaaqudgha [******]
Gold:   688        SH: 21    Dex: 11    Spells: 0/38 levels left

rFire    . . .     SeeInvis .   b - +1 scimitar (flame)
rCold    . . .     Gourm    .   p - +0 shield
rNeg     . . .     Faith    .   u - +5 steam dragon scales
rPois    .         Spirit   .   G - +2 hat "Kavilel" {rElec MR+++ Int-2}
rElec    +         Reflect  +   s - scarf {repulsion}
rCorr    .         Harm     .   n - +2 pair of gloves {Str+3}
MR       ++++.                  q - +0 pair of boots
Stlth    ++........             S - brooch of Shielding {Reflect SH+8}
HPRegen  0.31/turn              I - ring of wizardry
MPRegen  0.22/turn              N - +4 ring of protection

@: very slightly contaminated, drained, repel missiles
A: retaliatory headbutt, horns 2
a: Receive Corpses, Torment, Renounce Religion


You were on level 4 of the Swamp.
You worshipped Kikubaaqudgha.
Kikubaaqudgha was exalted by your worship.
You were not hungry.

You visited 5 branches of the dungeon, and saw 28 of its levels.
You also visited: Sewer and Bailey.

You collected 3027 gold pieces.
You spent 2339 gold pieces at shops.


Innate Abilities, Weirdness & Mutations

You reflexively headbutt those who attack you in melee.
You have a pair of horns on your head.


   Skills:
 * Level 6.9(6.5) Fighting
 - Level 14.0(13.5) Long Blades
 * Level 7.1(6.7) Armour
 * Level 6.2(5.8) Dodging
 - Level 1.5(1.2) Stealth
 - Level 15.0(14.5) Shields
 - Level 11.0(10.5) Spellcasting
 + Level 5.9(5.5) Conjurations
 + Level 10.1(9.7) Necromancy
 - Level 2.0(1.7) Translocations
   Level 3.0(2.7) Transmutations
 + Level 11.0(10.6) Earth Magic
 - Level 2.0(1.6) Evocations


You couldn't memorise any spells.
You knew the following spells:

 Your Spells              Type           Power        Failure   Level  Hunger
a - Stone Arrow           Conj/Erth      ####..       1%          3    None
b - Death Channel         Necr           #####.....   11%         6    ######.
c - Bolt of Draining      Conj/Necr      ####......   4%          5    #####..
d - Vampiric Draining     Necr           #####.....   1%          3    None
e - Lee's Rapid Deconstr  Erth           #####.....   1%          5    #####..
f - Borgnjor's Vile Clut  Necr/Erth      #####.....   1%          5    #####..
g - Mephitic Cloud        Conj/Pois/Air  ##......     5%          3    None
p - Blink                 Tloc           N/A          2%          2    None
u - Dispel Undead         Necr           #####...     1%          5    #####..
z - Animate Skeleton      Necr           N/A          1%          1    None

Inventory:

Hand Weapons
 a - a +9 demon blade of pain
 b - a +1 scimitar of flaming (weapon)
Missiles
 d - 11 javelins (quivered)
Armour
 n - a +2 pair of gloves of strength (worn)
 p - a +0 shield (worn)
 q - a +0 pair of boots (worn)
 s - a scarf of repulsion (worn)
 u - +5 steam dragon scales (worn)
 F - the +3 crown of Dyrovepreva {rElec Int+2 SInv}
   (You found it on level 4 of the Swamp)

   It affects your intelligence (+2).
   It insulates you from electricity.
   It lets you see invisible.
 G - the +2 hat "Kavilel" (worn) {rElec MR+++ Int-2}
   (You found it on level 4 of the Dungeon)

   It affects your intelligence (-2).
   It insulates you from electricity.
   It affects your resistance to hostile enchantments.
 P - a +0 large shield
Jewellery
 w - an uncursed ring of protection from cold
 y - an uncursed ring of poison resistance
 D - the ring "Rumick" {rN+ Str+5}
   (You found it on level 1 of the Lair of Beasts)

   [ring of strength]

   It affects your strength (+5).
   It protects you from negative energy.
 I - a ring of wizardry (left hand)
 N - a +4 ring of protection (right hand)
 S - the brooch of Shielding (around neck) {Reflect SH+8}
   (You found it on level 7 of the Dungeon)

   [amulet of reflection]

   It shields you and reflects attacks.
   It affects your SH (+8).
 V - the ring "Dufetz" {rCorr +Fly Dex+3}
   (You found it on level 15 of the Dungeon)

   [ring of resist corrosion]

   It affects your dexterity (+3).
   It lets you fly.
Wands
 t - a wand of acid (12)
 K - a wand of digging (42)
 L - a wand of paralysis (12)
 Y - a wand of scattershot (16)
Scrolls
 e - a scroll of amnesia
 f - 6 scrolls of teleportation
 h - 4 scrolls of summoning
 j - 4 scrolls of blinking
 l - 4 scrolls of identify
 A - a scroll of holy word
 E - 2 scrolls of fear
 H - 2 scrolls of magic mapping
 J - a scroll of silence
 R - 6 scrolls of remove curse
 X - 3 scrolls of fog
Potions
 c - 9 potions of heal wounds
 g - 9 potions of curing
 i - 2 potions of resistance
 k - 3 potions of invisibility
 m - 2 potions of brilliance
 r - 5 potions of berserk rage
 v - 2 potions of haste
 z - 5 potions of flight
 B - 3 potions of cancellation
 M - 3 potions of ambrosia
 W - 5 potions of agility
 Z - 4 potions of might
Miscellaneous
 o - a lightning rod (4/4)
 C - 2 boxes of beasts
 Q - a phantom mirror
 U - a lamp of fire
Comestibles
 T - 46 rations

Dungeon Overview and Level Annotations

Branches:
Dungeon (15/15)            Temple (1/1) D:6            Lair (6/6) D:10
  Swamp (4/4) Lair:2       Spider (0/4) Lair:2        Slime (0/5) Lair:6
    Orc (2/2) D:12            Elf (0/3) Orc:2        Vaults (0/5) D:13
 Depths (0/5) D:15

Altars:
Ashenzari
Cheibriados
Dithmenos
Elyvilon
Fedhas
Gozag
Hepliaklqana
Kikubaaqudgha
Makhleb
Nemelex Xobeh
Okawaru
Qazlal
Ru
Sif Muna
Trog
Uskayaw
Vehumet
Wu Jian
Xom
Yredelemnul
Zin
The Shining One
Jiyva

Shops:
D:6 [   Orc:2 [*([(

Annotations:
D:9 Asafoetida's ghost, novice DsAs
D:11 Fannar; Harold; Nergalle
D:15 weird center vault. LRD or lucky tele?

..≈≈≈******≈≈≈.≈≈≈♣..≈♣♣♣♣
#'#.#*,,,**≈≈≈≈.≈≈≈.≈.♣
....#,,,,,**≈≈≈≈≈≈≈≈♣♣♣
..8.#,,,,,**♣♣♣.≈≈≈.≈♣♣
..≈.#.,,,,* ♣≈≈≈≈≈.§♣♣♣♣♣
≈.8.'.,,,*#♣ ♣.≈≈≈≈..♣♣§.♣
....#'####≈♣ ♣♣≈≈≈≈.♣♣♣♣.≈♣♣
≈.8...≈≈.#≈♣♣♣†.≈≈.≈♣♣♣♣≈§≈♣
≈≈≈8≈8.8..≈♣≈≈ZZ@.§≈§♣♣≈§♣♣♣
.,.....§..≈≈≈≈..≈≈≈...≈≈≈.≈♣
⌠.≈,#≈.....≈≈.≈≈≈≈.♣♣.≈≈≈..♣
#.###.!...≈≈≈≈≈≈≈≈.♣♣.≈....♣
⌠.≈.#..%≈#.≈≈≈.≈≈≈....≈.≈♣♣♣
.≈≈.......≈≈≈..≈≈≈≈≈≈♣♣♣♣♣
...8≈8.8..≈≈§...≈≈≈≈.♣
.≈(....t≈.≈.≈≈≈≈.§≈§≈♣♣♣♣
#...#'####≈≈≈≈≈≈.≈.≈♣♣..♣♣♣♣


You could see a spectral 25-headed Lernaean hydra and a friendly spectral
alligator.


Message History

Your spectral alligator tail-slaps the spectral 25-headed Lernaean hydra.
Your spectral alligator bites the spectral 25-headed Lernaean hydra.
Your spectral alligator tail-slaps the spectral 25-headed Lernaean hydra.
The spectral 25-headed Lernaean hydra bites you!
* * * LOW HITPOINT WARNING * * *
The spectral 25-headed Lernaean hydra bites you!
* * * LOW HITPOINT WARNING * * *
You feel drained.
* * * LOW HITPOINT WARNING * * *
You block the spectral 25-headed Lernaean hydra's attack.
The spectral 25-headed Lernaean hydra bites you but does no damage.
You block the spectral 25-headed Lernaean hydra's attack.
The spectral 25-headed Lernaean hydra bites you.
* * * LOW HITPOINT WARNING * * *
The spectral 25-headed Lernaean hydra bites you but does no damage.
The spectral 25-headed Lernaean hydra bites you!
* * * LOW HITPOINT WARNING * * *
The spectral 25-headed Lernaean hydra bites you but does no damage.
The spectral 25-headed Lernaean hydra barely misses you.
The spectral 25-headed Lernaean hydra bites you.
* * * LOW HITPOINT WARNING * * *
The spectral 25-headed Lernaean hydra misses you.
The spectral 25-headed Lernaean hydra bites you but does no damage.
The spectral 25-headed Lernaean hydra bites you.
* * * LOW HITPOINT WARNING * * *
You block the spectral 25-headed Lernaean hydra's attack.
The spectral 25-headed Lernaean hydra bites you but does no damage. x2
The spectral 25-headed Lernaean hydra bites you!
You die...
Kikubaaqudgha rasps: "You have failed me!
Welcome... death!"

Action                   |  1- 3 |  4- 6 |  7- 9 | 10-12 | 13-15 | 16-18 || total
-------------------------+-------+-------+-------+-------+-------+-------++-------
Melee: Unarmed           |    31 |       |       |       |       |       ||    31
       Headbutt          |     7 |    16 |    76 |   163 |   164 |   196 ||   622
       Whip              |    34 |       |       |       |       |       ||    34
       Dagger            |     2 |   110 |       |       |       |       ||   112
       Hand axe          |       |     7 |    44 |       |       |       ||    51
       Rapier            |       |       |    38 |       |       |       ||    38
       Short sword       |       |       |   104 |       |       |       ||   104
       War axe           |       |       |   203 |   324 |       |       ||   527
       Quarterstaff      |       |       |     5 |       |       |       ||     5
       Trident           |       |       |       |   384 |       |       ||   384
       Demon blade       |       |       |       |   144 |   928 |   885 ||  1957
       Staff             |       |       |       |     5 |       |       ||     5
       Scimitar          |       |       |       |       |    21 |    58 ||    79
 Fire: Hunting sling     |    31 |     4 |       |       |       |       ||    35
Throw: Stone             |     1 |       |       |       |       |       ||     1
       Javelin           |       |       |    29 |    10 |     3 |     5 ||    47
       Throwing net      |       |       |     1 |       |       |       ||     1
 Cast: Sandblast         |    25 |    20 |    35 |    14 |       |       ||    94
       Stone Arrow       |       |     1 |    46 |    63 |       |     8 ||   118
       Passwall          |       |       |     2 |       |       |       ||     2
       Animate Skeleton  |       |       |       |    59 |   152 |    62 ||   273
       Vampiric Draining |       |       |       |    36 |    31 |    31 ||    98
       Borgnjor's Vile C |       |       |       |     4 |    57 |    31 ||    92
       Petrify           |       |       |       |       |    13 |       ||    13
       Lee's Rapid Decon |       |       |       |       |     6 |    14 ||    20
       Blink             |       |       |       |       |       |     8 ||     8
       Bolt of Draining  |       |       |       |       |       |    12 ||    12
       Death Channel     |       |       |       |       |       |     2 ||     2
Invok: Brand Weapon With |       |       |       |       |     1 |       ||     1
Evoke: Wand              |       |     3 |    16 |    18 |    11 |     2 ||    50
       Phantom mirror    |       |       |       |     1 |       |       ||     1
       Lamp of fire      |       |       |       |       |     2 |       ||     2
       Box of beasts     |       |       |       |       |     9 |     3 ||    12
  Use: Scroll            |     5 |     8 |    10 |    24 |    15 |    11 ||    73
       Potion            |       |     1 |     5 |     3 |     2 |       ||    11
 Stab: Sleeping          |     1 |       |     3 |     2 |     1 |       ||     7
       Paralysed         |       |       |    19 |       |     8 |       ||    27
       Held in net/web   |       |       |     1 |       |       |       ||     1
       Distracted        |       |       |       |     6 |     3 |     1 ||    10
       Petrified         |       |       |       |       |     9 |       ||     9
  Eat: Chunk             |     4 |     6 |    25 |    37 |    46 |    31 ||   149
       Ration            |       |       |     3 |     5 |     5 |     6 ||    19
Armor: Robe              |     9 |       |       |       |       |       ||     9
       Leather armour    |     8 |       |   161 |   123 |       |       ||   292
       Ring mail         |     4 |    42 |    25 |       |       |       ||    71
       Skin              |       |       |    13 |       |       |       ||    13
       Steam dragon scal |       |       |       |    93 |   222 |   237 ||   552
Dodge: Dodged            |    74 |    64 |   275 |   303 |   223 |   284 ||  1223
       Deflected         |       |       |       |       |       |    27 ||    27
Block: Shield            |       |       |   240 |   998 |   807 |   827 ||  2872
       Reflection        |       |       |     2 |     9 |    94 |    57 ||   162
       Rpst.: Demon blade |       |       |       |    11 |    52 |    48 ||   111
       Scimitar          |       |       |       |       |     2 |     3 ||     5

Vault maps used:
D:1:      saegor_arrival_simple_c, minmay_misc_feat_rows, minmay_cupped
D:2:      gammafunk_temple_overflow_elements, first_ration, uniq_jessica
D:3:      corexii_shack_village, nicolae_overflow_hidden_temple,
          old_standard_altar, gup_sewer_entry_spiral, uniq_terence
D:5:      nicolae_overflow_crystal_walls, chequers_temple_overflow_minitemple,
          kennysheep_mini, moated_statue, goddamned_bats
D:6:      minmay_temple_entry_grid, serial_shops, shop
D:7:      dancing_weapons_uskayaw, uniq_joseph
D:8:      led_sif_book
D:9:      grunt_gozag_breadcrumbs
D:10:     david_lair_shrubbed, uniq_josephine
D:11:     uniq_fannar, uniq_nergalle, uniq_harold
D:12:     erik_orc_2, hangedman_stone_soup
D:13:     hangedman_arrow_trap, grunt_vaults_entry_tiered, enter_bailey_3,
          hex_large, uniq_urug
D:14:     nrook_pool_corridor, serial_column_ruins, column_ruins_courtyard_long,
          column_ruins_hut_ruined, column_ruins_grid_4,
          column_ruins_columns_straight, column_ruins_corridor_corner,
          column_ruins_open_tiny
D:15:     hangedman_spin_cycle, uniq_azrael
Temple:   dpeg_chambers_temple
Lair:1:   uniq_erica
Lair:2:   minmay_swamp_entry_worms, spider_nest_entry_rubble,
          beast_lair_carwin_8
Lair:3:   basic_altar, uniq_rupert
Lair:4:   cheibrodos_lair_reptile_den, grunt_megastairs_3, serial_bayou_shore_a
Lair:6:   minmay_lair_end_enchanted_forest, slime_altar_1,
          kennysheep_snail_temple, uniq_nessos
Swamp:1:  evilmike_swamp_ruin_house_3, infiniplex_staircase_pool
Swamp:2:  serial_swamp_ruin, evilmike_swamp_ruin_rubble_1,
          evilmike_swamp_ruin_house_6
Swamp:3:  evilmike_swamp_ruin_rubble_2, uniq_bai_suzhen
Swamp:4:  grunt_swamp_rune_castle, nicolae_swamp_trees_clearing
Orc:1:    uniq_gastronok
Orc:2:    st_orc_rangers, serial_shops, nicolae_shop_stone
Sewer:    sewer_the_crocodile
Bailey:   bailey_axe_bossmonster_kennysheep, bailey

Notes
Turn   | Place    | Note
-------+----------+-------------------------------------------
     0 | D:1      | puppykicker the Minotaur Earth Elementalist began the quest for the Orb.
     0 | D:1      | Reached XP level 1. HP: 14/14 MP: 1/1
   526 | D:1      | Reached XP level 2. HP: 22/22 MP: 0/3
   640 | D:1      | Reached skill level 1 in Armour
   713 | D:1      | Reached skill level 1 in Fighting
  1347 | D:1      | Reached XP level 3. HP: 28/28 MP: 4/4
  1357 | D:1      | Learned a level 3 spell: Stone Arrow
  1582 | D:2      | Reached skill level 3 in Earth Magic
  1811 | D:2      | Found a stormy altar of Qazlal.
  1811 | D:2      | Found a snail-covered altar of Cheibriados.
  1970 | D:2      | Noticed Jessica
  1974 | D:2      | Killed Jessica
  1974 | D:2      | Reached XP level 4. HP: 35/36 MP: 0/5
  2173 | D:3      | Noticed a centaur
  2190 | D:3      | Killed a centaur
  2190 | D:3      | Reached skill level 2 in Fighting
  2190 | D:3      | Reached skill level 2 in Armour
  2190 | D:3      | Reached skill level 1 in Conjurations
  2190 | D:3      | Reached XP level 5. HP: 29/41 MP: 6/6
  2234 | D:3      | Reached skill level 2 in Spellcasting
  2245 | D:3      | Learned a level 2 spell: Passwall
  2447 | D:3      | Noticed garrulousMonolith's ghost (amateur HOMo)
  2588 | D:3      | Noticed Terence
  2601 | D:3      | Killed Terence
  2618 | D:3      | Reached XP level 6. HP: 20/48 MP: 3/8
  2734 | D:3      | Found a glowing drain.
  2740 | Sewer    | Entered a sewer
  2815 | Sewer    | Reached skill level 3 in Armour
  2881 | Sewer    | Reached skill level 4 in Earth Magic
  3329 | D:3      | Found a sparkling altar of Nemelex Xobeh.
  3405 | D:3      | Found a shadowy altar of Dithmenos.
  3623 | D:3      | Reached skill level 1 in Transmutations
  3685 | D:3      | Killed garrulousMonolith's ghost
  3685 | D:3      | Reached skill level 3 in Dodging
  3685 | D:3      | Reached skill level 2 in Conjurations
  3685 | D:3      | Reached XP level 7. HP: 50/56 MP: 0/9
  4094 | D:4      | Reached skill level 3 in Fighting
  4272 | D:4      | Reached skill level 2 in Transmutations
  4652 | D:4      | Reached skill level 4 in Fighting
  4853 | D:4      | Got a dazzling hat
  4859 | D:4      | Identified the +2 hat "Kavilel" {rElec MR+++ Int-2} (You found it on level 4 of the Dungeon)
  4924 | D:4      | Got a crude leather armour
  4935 | D:4      | Identified the +1 leather armour "Qipe Neo" {rF+ Dex+5} (You found it on level 4 of the Dungeon)
  5142 | D:5      | Entered Level 5 of the Dungeon
  5158 | D:5      | Found a bloodstained altar of Trog.
  5158 | D:5      | Found a radiant altar of Vehumet.
  5172 | D:5      | Reached skill level 5 in Earth Magic
  5241 | D:5      | Found a hazy altar of Hepliaklqana.
  5243 | D:5      | Found a faded altar of an unknown god.
  5245 | D:5      | Found a faded altar of an unknown god.
  5384 | D:5      | Reached XP level 8. HP: 66/66 MP: 0/10
  5470 | D:5      | Learned a level 4 spell: Petrify
  5698 | D:5      | Reached skill level 3 in Conjurations
  5748 | D:5      | Found a white marble altar of Elyvilon.
  5958 | D:5      | Found a burning altar of Makhleb.
  6836 | D:6      | Reached skill level 6 in Earth Magic
  7047 | D:6      | Reached skill level 3 in Transmutations
  7337 | D:6      | Found a staircase to the Ecumenical Temple.
  7357 | D:6      | Found Mewuoq's Antique Armour Shop.
  7360 | Temple   | Entered the Ecumenical Temple
  7560 | Temple   | Became a worshipper of Kikubaaqudgha
  7578 | D:6      | Bought a pair of glowing gloves for 195 gold pieces
  7705 | D:6      | Reached XP level 9. HP: 62/71 MP: 12/12
  8345 | D:7      | Reached skill level 1 in Shields
  8345 | D:7      | Reached skill level 3 in Spellcasting
  8349 | D:7      | Reached skill level 4 in Conjurations
  8361 | D:7      | Found the brooch of Shielding {Reflect SH+8}
  8524 | D:6      | Bought a spiked chain mail for 247 gold pieces
  8534 | D:6      | Identified the cursed +1 chain mail of Grace {rC- rCorr Int+8 Dex-5} (You bought it in a shop on level 6 of the Dungeon)
  8565 | D:7      | Found a hide-covered altar of Uskayaw.
  8565 | D:7      | Noticed a hand axe
  8565 | D:7      | Noticed a dagger
  8570 | D:7      | Reached skill level 2 in Shields
  8681 | D:7      | Noticed Joseph
  8697 | D:7      | Killed Joseph
  8697 | D:7      | Reached skill level 3 in Shields
  8697 | D:7      | Reached skill level 1 in Necromancy
  9581 | D:7      | Reached skill level 4 in Shields
  9643 | D:8      | Reached skill level 7 in Earth Magic
  9694 | D:8      | Reached * piety under Kikubaaqudgha
  9694 | D:8      | Identified Kikubaaqudgha's Reference Book on Unholy Magic (Kikubaaqudgha gifted it to you on level 8 of the Dungeon)
  9694 | D:8      | Received a gift from Kikubaaqudgha
  9708 | D:8      | Learned a level 1 spell: Animate Skeleton
  9712 | D:8      | Learned a level 3 spell: Vampiric Draining
  9768 | D:8      | Found a deep blue altar of Sif Muna.
  9787 | D:8      | Reached skill level 2 in Necromancy
  9793 | D:8      | Identified Sif Muna's Volume of Fire
 10036 | D:8      | Reached skill level 5 in Shields
 10610 | D:9      | Found an opulent altar of Gozag.
 10635 | D:9      | Noticed a troll
 10651 | D:9      | HP: 8/106 [troll (8)]
 10657 | D:9      | Killed a troll
 10665 | D:9      | Noticed Asafoetida's ghost (novice DsAs)
 11239 | D:8      | Reached skill level 6 in Shields
 11239 | D:8      | Reached XP level 10. HP: 71/78 MP: 13/13
 11891 | D:9      | Reached ** piety under Kikubaaqudgha
 11891 | D:9      | Reached skill level 5 in Conjurations
 11897 | D:9      | Reached skill level 3 in Necromancy
 12401 | D:9      | Reached skill level 7 in Shields
 13251 | D:10     | Entered Level 10 of the Dungeon
 13322 | D:10     | Noticed Josephine
 13585 | D:9      | Reached skill level 4 in Armour
 14056 | D:10     | Killed Josephine
 14056 | D:10     | Reached skill level 8 in Shields
 14329 | D:10     | Reached skill level 4 in Necromancy
 14564 | D:10     | Reached skill level 5 in Fighting
 14613 | D:10     | Found a staircase to the Lair.
 14914 | D:11     | Noticed a two-headed ogre
 15180 | D:10     | Killed a two-headed ogre
 15180 | D:10     | Reached skill level 4 in Dodging
 15180 | D:10     | Reached XP level 11. HP: 86/86 MP: 4/14
 15362 | D:11     | Noticed Fannar
 15807 | D:11     | Noticed Nergalle
 15819 | D:11     | Noticed a spectral orc warlord
 16240 | Lair:1   | Entered Level 1 of the Lair of Beasts
 16428 | Lair:1   | Reached skill level 5 in Armour
 16521 | Lair:1   | Noticed Erica
 16577 | Lair:1   | Killed Erica
 16577 | Lair:1   | Reached skill level 8 in Earth Magic
 16754 | Lair:1   | Reached skill level 9 in Shields
 17148 | Lair:1   | Got a smoking copper ring
 17150 | Lair:1   | Identified the ring "Rumick" {rN+ Str+5} (You found it on level 1 of the Lair of Beasts)
 17385 | Lair:2   | Found a hole to the Spider Nest.
 17385 | Lair:2   | Noticed a wolf spider
 17397 | Lair:2   | Killed a wolf spider
 17778 | Lair:2   | Found a staircase to the Swamp.
 17851 | Lair:2   | Learned a level 2 spell: Blink
 18380 | Lair:3   | Reached skill level 5 in Necromancy
 18398 | Lair:3   | Reached skill level 6 in Fighting
 18552 | Lair:3   | Reached skill level 5 in Dodging
 18619 | Lair:3   | Noticed a seven-headed hydra
 18718 | Lair:3   | Noticed Rupert
 18809 | Lair:3   | Found a burning altar of Makhleb.
 19099 | Lair:3   | Reached *** piety under Kikubaaqudgha
 19099 | Lair:3   | Identified Kikubaaqudgha's Incunabulum of Unholy Secrets (Kikubaaqudgha gifted it to you on level 3 of the Lair of Beasts)
 19099 | Lair:3   | Received a gift from Kikubaaqudgha
 19152 | Lair:3   | Killed a seven-headed hydra
 19152 | Lair:3   | Reached skill level 1 in Translocations
 19408 | Lair:3   | Killed Rupert
 19408 | Lair:3   | Reached skill level 10 in Shields
 19408 | Lair:3   | Reached XP level 12. HP: 94/96 MP: 9/16
 19776 | Lair:3   | Reached skill level 4 in Spellcasting
 19989 | Lair:4   | Reached skill level 5 in Spellcasting
 20049 | Lair:4   | Learned a level 5 spell: Borgnjor's Vile Clutch
 20374 | Lair:4   | Identified a scroll of acquirement
 20505 | Lair:4   | Reached **** piety under Kikubaaqudgha
 20505 | Lair:4   | Reached skill level 1 in Long Blades
 20530 | Lair:4   | Reached skill level 2 in Long Blades
 20772 | Lair:4   | Reached skill level 3 in Long Blades
 20777 | Lair:4   | Reached skill level 6 in Spellcasting
 20790 | Lair:4   | Reached skill level 4 in Long Blades
 21024 | Lair:4   | Reached skill level 5 in Long Blades
 21081 | Lair:4   | Learned a level 3 spell: Mephitic Cloud
 21437 | Lair:4   | Reached skill level 6 in Long Blades
 21776 | Lair:5   | Reached skill level 7 in Long Blades
 22030 | Lair:5   | Reached XP level 13. HP: 102/102 MP: 21/21
 22528 | Lair:6   | Entered Level 6 of the Lair of Beasts
 22590 | Lair:6   | Noticed Nessos
 22595 | Lair:6   | Killed Nessos
 22665 | Lair:6   | Reached skill level 8 in Long Blades
 22715 | Lair:6   | Found a staircase to the Slime Pits.
 22716 | Lair:6   | Found a viscous altar of Jiyva.
 22814 | Lair:6   | Reached skill level 9 in Long Blades
 22827 | Lair:6   | Reached ***** piety under Kikubaaqudgha
 22835 | Lair:6   | Reached skill level 7 in Spellcasting
 22945 | Lair:6   | Reached skill level 10 in Long Blades
 23467 | Lair:6   | Found a snail-covered altar of Cheibriados.
 23590 | Lair:6   | Reached skill level 11 in Long Blades
 24491 | D:11     | Noticed Harold
 25133 | D:12     | HP: 9/102 [slime creature (16)]
 25531 | D:12     | Reached skill level 6 in Necromancy
 25571 | D:12     | Reached skill level 1 in Evocations
 26232 | D:12     | Reached skill level 2 in Evocations
 26599 | D:12     | Found a staircase to the Orcish Mines.
 26607 | D:12     | Reached ****** piety under Kikubaaqudgha
 26884 | D:12     | Reached XP level 14. HP: 50/110 MP: 24/24
 27111 | D:13     | Reached skill level 9 in Earth Magic
 27120 | D:13     | Reached skill level 12 in Long Blades
 27152 | D:13     | Noticed Urug
 27168 | D:13     | Killed Urug
 27212 | D:13     | Found a flagged portal.
 27277 | Bailey   | Entered a bailey
 27299 | Bailey   | Noticed an orc warlord
 27416 | Bailey   | Found a runed gate.
 27429 | Bailey   | Found a runed gate.
 27431 | Bailey   | Found a runed gate.
 27508 | Bailey   | Killed an orc warlord
 27544 | Bailey   | Identified a potion of experience
 27544 | Bailey   | Reached skill level 6 in Armour
 27544 | Bailey   | Reached skill level 11 in Shields
 27544 | Bailey   | Reached skill level 7 in Necromancy
 27544 | Bailey   | Reached XP level 15. HP: 109/115 MP: 25/25
 27551 | Bailey   | Learned a level 5 spell: Lee's Rapid Deconstruction
 27898 | D:13     | Upgraded the game from 0.22-a0-373-gab1296c to 0.22-a0-374-g5dfd9e3
 27955 | D:13     | Found a gate to the Vaults.
 27985 | D:13     | Reached skill level 13 in Long Blades
 29628 | D:14     | Reached skill level 8 in Spellcasting
 30557 | D:14     | Reached skill level 12 in Shields
 30943 | D:15     | Entered Level 15 of the Dungeon
 31345 | Orc:1    | Entered Level 1 of the Orcish Mines
 31788 | Orc:2    | Entered Level 2 of the Orcish Mines
 31788 | Orc:2    | Found Teamur's Weapon Shop.
 31788 | Orc:2    | Noticed an orc warlord
 31980 | Orc:1    | Noticed Gastronok
 32003 | Orc:1    | Killed Gastronok
 32323 | Orc:2    | Reached skill level 14 in Long Blades
 32438 | Orc:2    | Found a staircase to the Elven Halls.
 32472 | Orc:2    | Identified a +9 demon blade of pain (a +8 demon blade of slicing bloodied by Kikubaaqudgha)
 32472 | Orc:2    | Received a gift from Kikubaaqudgha
 32554 | Orc:2    | Killed an orc warlord
 33593 | Orc:2    | Reached XP level 16. HP: 118/123 MP: 27/27
 33954 | Orc:2    | Found Lidykh's Assorted Antiques.
 33954 | Orc:2    | Found Siats's Weapon Boutique.
 33956 | Orc:2    | Found Belouje's Antique Armour Shop.
 33958 | Orc:2    | Found Piejauk's Armour Emporium.
 33975 | Orc:2    | Bought a scroll of teleportation for 99 gold pieces
 33975 | Orc:2    | Bought a metal-bound book for 495 gold pieces
 33975 | Orc:2    | Bought a glowing scarf for 264 gold pieces
 33975 | Orc:2    | Bought a potion of curing for 99 gold pieces
 33985 | Orc:2    | Bought 3 scrolls of summoning for 940 gold pieces
 34372 | D:13     | Reached skill level 13 in Shields
 34573 | D:15     | Reached skill level 9 in Spellcasting
 34573 | D:15     | Reached skill level 8 in Necromancy
 34582 | D:15     | Learned a level 5 spell: Dispel Undead
 34641 | D:15     | Found a glowing golden altar of the Shining One.
 34655 | D:15     | Got a heavily runed crystal plate armour
 34666 | D:15     | Identified the +15 crystal plate armour of the Original Sin {rC+} (You acquired it on level 15 of the Dungeon)
 34733 | D:15     | Paralysed by a floating eye for 4 turns
 35026 | D:15     | Got a fine leather armour
 35044 | D:15     | Identified the +2 leather armour of Mysticism {Int+2} (You found it on level 15 of the Dungeon)
 35118 | D:15     | Found a stormy altar of Qazlal.
 35319 | D:15     | Got a scintillating platinum ring
 35333 | D:15     | Learned a level 6 spell: Death Channel
 35533 | D:15     | Identified the ring "Zureal" {rElec MR+ EV+3} (You found it on level 15 of the Dungeon)
 36037 | D:15     | Reached skill level 14 in Shields
 36051 | D:15     | Got a steaming marble ring
 36055 | D:15     | Identified the cursed ring of the Falcon {rPois Int+4 Slay-3} (You found it on level 15 of the Dungeon)
 36379 | D:15     | Paralysed by a floating eye for 3 turns
 36460 | D:15     | Found a staircase to the Depths.
 36485 | D:15     | Noticed Azrael
 36508 | D:15     | Killed Azrael
 36559 | D:15     | Got a twitching jade ring
 36562 | D:15     | Identified the ring "Dufetz" {rCorr +Fly Dex+3} (You found it on level 15 of the Dungeon)
 37166 | D:15     | Found a stormy altar of Qazlal.
 37658 | Swamp:1  | Entered Level 1 of the Swamp
 37675 | Swamp:1  | Reached skill level 15 in Shields
 37948 | Swamp:1  | Identified 2 potions of resistance
 38063 | Swamp:1  | Reached skill level 9 in Necromancy
 38582 | Swamp:1  | Reached skill level 10 in Earth Magic
 39098 | Swamp:2  | Noticed a thorn hunter
 39130 | Swamp:1  | Killed a thorn hunter
 39130 | Swamp:1  | Reached skill level 10 in Spellcasting
 39312 | Swamp:2  | Reached XP level 17. HP: 101/128 MP: 30/30
 40852 | Swamp:3  | Noticed Bai Suzhen
 40867 | Swamp:2  | Killed Bai Suzhen
 42335 | Swamp:4  | Entered Level 4 of the Swamp
 42855 | Swamp:4  | Reached skill level 11 in Spellcasting
 42857 | Swamp:4  | Reached skill level 10 in Necromancy
 42965 | Swamp:4  | Learned a level 5 spell: Bolt of Draining
 43134 | Swamp:4  | Reached skill level 11 in Earth Magic
 43992 | Swamp:4  | Reached skill level 6 in Dodging
 44000 | Swamp:4  | Found the +3 crown of Dyrovepreva {rElec Int+2 SInv}
 44031 | Swamp:4  | Noticed the 27-headed Lernaean hydra
 44067 | Swamp:4  | Killed the 25-headed Lernaean hydra
 44067 | Swamp:4  | Reached skill level 7 in Armour
 44067 | Swamp:4  | Reached skill level 2 in Translocations
 44069 | Swamp:4  | HP: 12/130 [spectral 25-headed Lernaean hydra[the player character] (10)]
 44069 | Swamp:4  | Slain by a spectral 25-headed Lernaean hydra

Vanquished Creatures
  Bai Suzhen (Swamp:2)
  the Lernaean hydra (Swamp:4)
  Rupert (Lair:3)
  Gastronok (Orc:1)
  5 thorn hunters
  3 frost giants (D:15)
  An orc warlord (Orc:2)
  A very ugly thing (D:15)
  A stone giant (Orc:2)
  Nessos (Lair:6)
  Azrael (D:15)
  A yaktaur captain (D:15)
  Josephine (D:10)
  4 vault guards
  16 hydras
  2 ghost crabs
  Erica (Lair:1)
  4 centaur warriors
  A death knight (D:15)
  2 two-headed ogres
  A dancing weapon (D:15)
  3 ogre magi (D:15)
  A deep troll shaman (D:15)
  3 tengu warriors
  12 alligators
  7 skeletal warriors
  2 unseen horrors
  A spriggan druid (Swamp:3)
  9 swamp dragons
  A wizard (D:14)
  2 shambling mangroves (Swamp:3)
  6 orc knights
  2 wolf spider zombies (D:15)
  A necromancer (D:13)
  3 deep elf magi
  A wolf spider (Lair:2)
  An orb spider (shapeshifter) (D:14)
  11 ugly things (D:14)
  An orc sorcerer (Orc:2)
  A manticore (D:14)
  5 cyclopes
  3 centaur zombies
  2 guardian serpents (D:15)
  2 naga magi (D:15)
  A gargoyle (D:12)
  An elephant (shapeshifter) (D:15)
  3 elephants (Lair:6)
  6 torpor snails (Lair:6)
  Joseph (D:7)
  11 spiny frogs
  A centaur skeleton (D:12)
  An efreet (D:13)
  2 rime drakes
  A freezing wraith (D:14)
  2 kobold demonologists
  3 komodo dragons
  A yaktaur (D:13)
  2 tengu conjurers
  5 trolls
  3 polar bears
  2 meliai
  6 tyrant leeches
  A wolf spider simulacrum (D:15)
  18 hornets
  A queen bee (shapeshifter) (D:13)
  20 slime creatures
  7 hippogriffs
  7 bog bodies
  6 blink frogs
  3 meliai zombies
  11 dream sheep
  3 shadows
  32 yaks
  19 spriggans
  A water elemental (D:12)
  A vampire (D:15)
  2 wraiths (D:9)
  6 basilisks
  2 fire elementals (D:15)
  3 hungry ghosts
  17 vampire mosquitoes
  21 humans
  A steam dragon (Lair:3)
  18 swamp worms
  16 insubstantial wisps
  A soldier ant (D:15)
  14 water moccasins
  A floating eye (D:15)
  4 porcupines
  A warg (Orc:2)
  An acid dragon (D:14)
  A hell hound (D:15)
  7 swamp drakes
  3 phantoms
  3 sky beasts
  40 orc warriors
  5 ice beasts
  3 black bears (Lair:6)
  The ghost of garrulousMonolith the Chopper, an amateur HOMo (D:3)
  An eye of draining (D:13)
  15 ogres
  A necrophage (D:12)
  32 centaurs
  22 wolves
  7 boggarts
  9 crocodiles
  14 bullfrogs
  A big kobold (D:12)
  8 scorpions
  A water moccasin skeleton (D:3)
  5 killer bees
  3 wights (D:14)
  5 howler monkeys
  A vampire bat (D:5)
  2 electric eels
  3 bullfrog zombies
  7 crimson imps
  7 hounds
  19 orc priests
  25 orc wizards
  7 jellies
  4 bullfrog skeletons
  Jessica (D:2)
  Terence (D:3)
  13 worker ants
  5 iguanas
  2 hound skeletons (D:7)
  2 gnolls (Bailey)
  11 adders
  7 shadow imps
  An ooze (D:6)
  An adder zombie (D:5)
  An adder skeleton (D:7)
  A dart slug (D:3)
  3 fire bats (D:5)
  8 leopard geckos
  91 orcs
  2 spectral bats (D:5)
  A ball python (D:4)
  3 bat skeletons (D:5)
  A bat zombie (D:5)
  7 giant cockroaches
  19 goblins
  12 hobgoblins
  11 jackals
  6 quokkas
  A ball python skeleton (D:4)
  21 bats
  A bat simulacrum (D:5)
  4 frilled lizards
  17 kobolds
  A leopard gecko skeleton (D:4)
  A quokka zombie (D:8)
  8 rats
  A plant (D:10)
947 creatures vanquished.

Vanquished Creatures (collateral kills)
  An orc warlord (Bailey)
  2 hydras
  A vault guard (D:15)
  2 alligators (Swamp:4)
  A ghost crab (Swamp:3)
  Urug (D:13)
  A naga sharpshooter (D:15)
  A skeletal warrior (D:14)
  2 ugly things
  An elephant (Lair:6)
  2 spiny frogs
  A torpor snail (Lair:4)
  A komodo dragon (Lair:4)
  2 meliai (D:14)
  A troll (D:13)
  A tyrant leech (Swamp:4)
  2 hippogriffs
  2 blink frogs (Lair:4)
  3 bog bodies (Swamp:4)
  3 dream sheep (Lair:4)
  3 yaks (Lair:4)
  A wraith (D:13)
  2 humans (D:13)
  2 fire elementals (D:15)
  A basilisk (Lair:4)
  A hungry ghost (D:10)
  A vampire mosquito (Swamp:4)
  5 insubstantial wisps
  A water moccasin (Lair:4)
  3 porcupines
  3 swamp drakes (Swamp:4)
  A floating eye (D:15)
  A black bear (Lair:6)
  5 orc warriors (Orc:2)
  2 ogres
  3 wolves
  A crocodile (Lair:3)
  2 big kobolds (D:12)
  3 bullfrogs
  2 orc wizards
  A hound (Lair:2)
  A gnoll (Bailey)
  5 orcs
  A goblin (D:13)
  5 kobolds
  2 fungi
  A plant (Lair:4)
90 creatures vanquished.

Vanquished Creatures (others)
  A ghost crab (Swamp:4)
  A centaur warrior (Orc:2)
  An unseen horror (D:15)
  An orc knight (Orc:2)
  A cyclops (D:15)
  A hornet (D:15)
  2 spriggans
  4 orc warriors (Orc:2)
  4 centaurs
  A howler monkey (D:12)
  A bullfrog zombie (D:12)
  An orc priest (D:12)
  2 orc wizards
  9 orcs
  4 kobolds (Bailey)
  2 briar patches (Swamp:2)
  A bush (Swamp:4)
  21 fungi
  11 plants
69 creatures vanquished.

Grand Total: 1106 creatures vanquished
